 Dungeon Crawl Stone Soup version 0.29.0-11-gd7f09526c8 (webtiles) character file.

Game seed: 8838051036110483777

683 styxcanada the Covert (level 7, -2/35 HPs)
             Began as a Spriggan Brigand on Sept 2, 2022.
             Was an Initiate of Gozag.
             Slain by an orc warrior
             ... wielding a +0 war axe
              (9 damage)
             ... on level 6 of the Dungeon on Sept 3, 2022.
             The game lasted 00:26:31 (7080 turns).

styxcanada the Covert (Spriggan Brigand)            Turns: 7080, Time: 00:26:32

Health: -2/35      AC:  6    Str:  7    XL:     7   Next: 35%
Magic:  10/10      EV: 20    Int: 13    God:    Gozag
Gold:   382        SH:  0    Dex: 24    Spells: 6/9 levels left

rFire   . . .      SeeInvis +   a - +3 dagger
rCold   . . .      Faith    .   (no shield)
rNeg    . . .      Spirit   .   p - +2 animal skin
rPois   .          Reflect  .   (helmet restricted)
rElec   .          Harm     .   c - +1 cloak
rCorr   +          Rampage  .   (gloves unavailable)
Will    +....                   (boots unavailable)
Stlth   +++++.....              (no amulet)
HPRegen 0.11/turn               v - +6 ring of dexterity
MPRegen 0.12/turn               g - ring of resist corrosion

@: very quick
A: very small, no large weapons, unfitting armour, see invisible, speed 3
a: Renounce Religion, Potion Petition, Call Merchant, Bribe Branch


You were on level 6 of the Dungeon.
You worshipped Gozag.
Gozag was aware of your devotion.
You visited 2 branches of the dungeon, and saw 8 of its levels.

You collected 484 gold pieces.
You paid 102 gold pieces to Gozag.

Inventory:

Hand Weapons
 a - a +3 dagger (weapon)
Missiles
 f - 30 stones (quivered)
 r - 5 boomerangs
 B - 3 atropa-tipped darts
Armour
 c - a +1 cloak (worn)
 p - a +2 animal skin (worn)
Jewellery
 g - a ring of resist corrosion (right hand)
 v - a +6 ring of dexterity (left hand)
 z - a ring of wizardry
Wands
 d - a wand of digging (5)
 o - a wand of polymorph (8)
 A - a wand of flame (17)
Scrolls
 m - 2 scrolls of teleportation
 s - a scroll of magic mapping
 y - a scroll of blinking
 C - a scroll of fog
 D - a scroll of enchant weapon
Potions
 b - a potion of mutation
 h - a potion of haste
 i - a potion of curing
 j - a potion of magic
 k - a potion of might
 l - a potion of resistance
 n - a potion of lignification {unknown}
 q - a potion of ambrosia {unknown}
 t - 4 potions of heal wounds
 w - a potion of flight
 x - a potion of brilliance


   Skills:
 * Level 2.4 Fighting
 + Level 3.9 Short Blades
 + Level 3.3 Throwing
 * Level 4.1 Dodging
 * Level 9.3 Stealth
 * Level 1.5 Spellcasting
 * Level 1.6 Hexes
 * Level 2.7 Evocations


You had 6 spell levels left.
You knew the following spells:

 Your Spells              Type           Power      Damage    Failure   Level
a - Confusing Touch       Hex            5%         N/A       38%         3

Your spell library contained the following spells:

 Spells                   Type           Power      Damage    Failure   Level
 Slow                     Hex            20%        N/A       14%         1
 Necrotise                Necr           4%         1d4       26%         1
 Sublimation of Blood     Necr           1%         N/A       38%         2
 Wereblood                Tmut           1%         N/A       38%         2
 Ozocubu's Armour         Ice            1%         N/A       63%         3
 Vampiric Draining        Necr           1%         2d6       63%         3
 Metabolic Englaciation   Hex/Ice        1%         N/A       99%         5
 Agony                    Necr           1%         N/A       100%        5
 Summon Hydra             Summ           0%         N/A       100%        7
 Simulacrum               Ice/Necr       Unusable   N/A       N/A         6

Dungeon Overview and Level Annotations

Branches:
Dungeon (7/15)             Temple (1/1) D:7

Altars:
Ashenzari
Cheibriados
Dithmenos
Elyvilon
Fedhas
Gozag
Hepliaklqana
Makhleb
Okawaru
Sif Muna
Trog
Wu Jian
Zin
The Shining One

Shops:
D:6 =


Innate Abilities, Weirdness & Mutations

You are very small and have problems with some larger weapons.
You are too small for most types of armour.
You have supernaturally acute eyesight. (SInv)
You cover ground extremely quickly. (Speed+++)


Message History

An orc warrior is nearby!
You hit the orc warrior but do no damage.
The orc warrior is moderately wounded.
The orc warrior barely misses you.
You hit the orc warrior but do no damage.
The orc warrior is moderately wounded.
The orc warrior completely misses you.
You closely miss the orc warrior.
The orc warrior is moderately wounded.
You hit the orc warrior.
The orc warrior is moderately wounded.
The orc warrior closely misses you.
You closely miss the orc warrior.
The orc warrior is moderately wounded.
The orc warrior barely misses you.
You puncture the orc warrior!
The orc warrior is severely wounded.
The orc warrior closely misses you.
You hit the orc warrior but do no damage.
The orc warrior is severely wounded.
The orc warrior closely misses you.
You hit the orc warrior.
The orc warrior is severely wounded.
You closely miss the orc warrior.
The orc warrior is severely wounded.
The orc warrior misses you.
You hit the orc warrior but do no damage.
The orc warrior is severely wounded.
The orc warrior closely misses you.
You hit the orc warrior.
The orc warrior is almost dead.
The orc warrior hits you with a +0 war axe!
You hit the orc warrior but do no damage.
The orc warrior is almost dead.
The orc priest mumbles some strange prayers to Beogh against you.
Beogh smites you!
* * * LOW HITPOINT WARNING * * *
The orc warrior hits you with a +0 war axe!
You die...
Your body crumbles into a pile of gold.

.##..............#........#.#.#
####.............#.######.#.#.###
## #.............#.#....#.#.#..##
.# ##............#.#.##.#.#.#..##
.# #............#.#.#∩.#.#.#..#
## ##........##.#.#.####.#.#..##
# #.......###.#.#......#.#.#.. #
##.....## #.#.########.#.##.
######....### #@#..........#.###
..##...#### #o############.###
##....## #o.......o.....##.
##..## ##########...###.. #..#
###..##.. ##.## ### ##..... #..#
##.### ###... ##.###....### ##...
#.##.......## #....


You could see an orc warrior and an orc priest.

Vanquished Creatures
  A centaur (D:5)
  A phantom (D:5)
  A necrophage (D:5)
  4 hounds
  A jelly (D:6)
  An orc priest (D:7)
  Ijyb (D:3)
  2 iguanas
  An orc wizard (D:6)
  Robin (D:2)
  5 gnolls
  An adder (D:6)
  An ufetubus (D:7)
  2 dart slugs (D:1)
  12 orcs
  6 ball pythons
  4 bats (D:1)
  7 endoplasms
  3 giant cockroaches (D:1)
  13 hobgoblins
  3 quokkas
  3 frilled lizards (D:1)
  16 goblins
  3 kobolds
  3 rats (D:1)
96 creatures vanquished.

Notes
Turn   | Place    | Note
-------+----------+-------------------------------------------
     0 | D:1      | styxcanada the Spriggan Brigand began the quest for the
                  | Orb.
     0 | D:1      | Reached XP level 1. HP: 10/10 MP: 2/2
    20 | D:1      | Noticed a minotaur zombie
    33 | D:1      | Reached skill level 6 in Stealth
   176 | D:1      | Reached XP level 2. HP: 14/14 MP: 3/3
   203 | D:1      | Reached skill level 7 in Stealth
   316 | D:1      | Reached XP level 3. HP: 17/18 MP: 4/4
   458 | D:1      | Found a faded altar of an unknown god.
  1437 | D:2      | Noticed Robin
  1508 | D:2      | Reached XP level 4. HP: 2/23 MP: 5/5
  1841 | D:2      | Killed Robin
  2661 | D:3      | Noticed Ijyb
  2690 | D:3      | Killed Ijyb
  3060 | D:3      | Found a shimmering blue altar of Sif Muna.
  3247 | D:4      | Reached skill level 8 in Stealth
  3319 | D:4      | Reached XP level 5. HP: 8/26 MP: 6/6
  3951 | D:4      | Reached skill level 1 in Evocations
  4081 | D:5      | Entered Level 5 of the Dungeon
  4697 | D:5      | Noticed a centaur
  4697 | D:5      | You fall into a shaft and drop 2 floors!
  4713 | D:7      | Found a staircase to the Ecumenical Temple.
  4730 | Temple   | Entered the Ecumenical Temple
  4793 | Temple   | Became a worshipper of Gozag Ym Sagoz the Greedy
  4798 | Temple   | Reached XP level 6. HP: 23/30 MP: 7/7
  5246 | D:7      | Reached skill level 9 in Stealth
  5342 | D:6      | Learned a level 3 spell: Confusing Touch
  5903 | D:5      | Reached skill level 1 in Spellcasting
  5903 | D:5      | Reached skill level 1 in Hexes
  5903 | D:5      | Reached XP level 7. HP: 35/35 MP: 9/9
  6511 | D:6      | Found Moikk's Jewellery Shop.
  6970 | D:7      | Noticed a steam dragon
  7080 | D:6      | Slain by an orc warrior

Illustrated notes

Levels and vault maps discovered:
D:1:      shiori_arrival_whats_in_store_for_you, layout_basic,
          chequers_ecumenical_altar_simple_redux
D:2:      layout_basic, uniq_robin
D:3:      layout_loops_ring, nicolae_sif_muna_little_library, solitary_fountain,
          uniq_ijyb
D:4:      layout_cave_pools
D:5:      layout_basic
D:6:      layout_cave_pods, serial_shops, nicolae_inconvenience_store
D:7:      layout_gridville, pf_just_have_faith,
          mainiacjoe_overflow_catch_the_wave, minmay_temple_entry_glass
Temple:   hellmonk_temple_forest_ring

Skill      XL: |  1  2  3  4  5  6  7 |
---------------+----------------------+-----
Stealth        | 6 7 8 9 |  9.3
Short Blades   | 3 |  3.9
Fighting       | 2 |  2.4
Dodging        | 2 3 4 |  4.1
Evocations     | 1 2 |  2.7
Throwing       | 3 |  3.3
Spellcasting   | 1 |  1.5
Hexes          | 1 |  1.6

Action                   |  1- 3 |  4- 6 |  7- 9 || total
-------------------------+-------+-------+-------++-------
Melee: Dagger            |   115 |   171 |    39 ||   325
       Punch             |       |     1 |       ||     1
Throw: Dart              |    14 |    45 |    15 ||    74
       Stone             |       |     1 |       ||     1
  Use: Scroll            |       |    19 |       ||    19
       Potion            |       |       |     1 ||     1
 Stab: Sleeping          |    17 |    10 |     1 ||    28
Armor: Robe              |     7 |       |       ||     7
       Skin              |       |     7 |       ||     7
       Animal skin       |       |    28 |     3 ||    31
Dodge: Dodged            |    70 |    93 |    30 ||   193
